 Dungeon Crawl Stone Soup version 0.32-a0-630-g46d191b0ed (webtiles) character file.

Game seed: 16491537334093117181

23 Alarak the Magician (level 2, -4/19 HPs)
             Began as a Demonspawn Fire Elementalist on Mar 7, 2024.
             Slain by a goblin
             ... wielding a +0 club
             ... led by Robin
              (5 damage)
             ... on level 2 of the Dungeon.
             The game lasted 00:02:17 (1145 turns).

Alarak the Magician (Demonspawn Fire Elementalist)  Turns: 1145, Time: 00:02:17

Health: -4/19      AC:  4    Str:  8    XL:     2   Next: 72%
Magic:  1/6        EV: 12    Int: 15    God:
Gold:   50         SH:  0    Dex: 13    Spells: 6/7 levels left

rFire   . . .        e - +1 dagger (drain)
rCold   . . .        (no shield)
rNeg    . . .        a - +0 robe
rPois   .            (no helmet)
rElec   .            (no cloak)
rCorr   .            (no gloves)
SInv    .            k - +1 pair of boots
Will    .....        (no amulet)
Stlth   ++           (no ring)
HPRegen 0.23/turn    (no ring)
MPRegen 0.10/turn

%: no passive effects
@: very slightly contaminated
A: powered by pain 1
a: no special abilities


You were on level 2 of the Dungeon.
You visited 1 branch of the dungeon, and saw 2 of its levels.

You collected 50 gold pieces.

Inventory:

Hand Weapons
 e - a +1 dagger of draining (weapon)
Armour
 a - a +0 robe (worn)
 k - a +1 pair of boots (worn)
Scrolls
 h - a scroll of identify
Potions
 b - a potion of magic
 c - a potion of might
 f - a potion of curing {unknown}
 g - a potion of invisibility {unknown}
 i - a potion of attraction {unknown}
 j - a potion of haste {unknown}


   Skills:
 - Level 0.1 Armour
 - Level 1.7 Dodging
 - Level 1.7 Stealth
 - Level 3.0 Spellcasting
 + Level 1.3 Conjurations
 - Level 2.6 Fire Magic


You had 6 spell levels left.
You knew the following spells:

 Your Spells              Type           Power      Damage    Failure   Level
a - Foxfire               Conj/Fire      32%        2x1d5     9%          1

Your spell library contained the following spells:

 Spells                   Type           Power      Damage    Failure   Level
 Scorch                   Fire           20%        2d5       10%         2
 Static Discharge         Conj/Air       8%         3-4/arc   24%         2
 Inner Flame              Hex/Fire       6%         N/A       34%         3
 Volatile Blastmotes      Fire/Tloc      12%        2d11      34%         3
 Flame Wave               Conj/Fire      8%         2d5       65%         4
 Fulminant Prism          Conj/Alch      2%         3d5       83%         4
 Iskenderun's Mystic Bla  Conj/Tloc      4%         2d3       83%         4
 Airstrike                Air            1%         2d(1-17)  89%         4
 Summon Lightning Spire   Summ/Air       2%         N/A       89%         4


Dungeon Overview and Level Annotations

Branches:
Dungeon (2/15)

Altars:

Annotations:
D:2 Robin


Innate Abilities, Weirdness & Mutations

You sometimes gain a little power by taking damage.


Message History

Robin roars a battlecry!
The goblins go into a battle-frenzy!
The hobgoblin hits you but does no damage.
As you read the scroll labelled QOFALI WINO, it crumbles to dust.
It is a scroll of enchant armour.
Your +0 pair of boots glows green for a moment.
The hobgoblin closely misses you. The goblin closely misses you.
As you read the scroll labelled POWNEI FOUTHRUS, it crumbles to dust.
It is a scroll of identify.
c - a potion of might The hobgoblin hits you but does no damage.
Robin throws the goblin at you!
A goblin comes into view. It is wielding a +0 dagger.
The goblin hits you but does no damage.
A goblin comes into view. It is wielding a +0 dagger.
You conjure some foxfire!
The hobgoblin misses you. The goblin hits you but does no damage.
The goblin closely misses you. The goblin hits you but does no damage.
You barely miss the hobgoblin.
The hobgoblin is moderately wounded.
The foxfire hits the goblin.
You kill the goblin!
The hobgoblin hits you. The goblin hits you with a +0 dagger.
You hit the hobgoblin.
The hobgoblin is almost dead.
The hobgoblin closely misses you. The goblin hits you but does no damage.
The goblin barely misses you.
You hit the hobgoblin but do no damage.
The hobgoblin is almost dead.
The goblin hits you with a +0 club. The goblin completely misses you.
The goblin hits you with a +0 dagger. The hobgoblin barely misses you.
You hit the hobgoblin.
You kill the hobgoblin!
The goblin barely misses you. The goblin hits you with a +0 club.
The goblin hits you with a +0 dagger.
* * * LOW HITPOINT WARNING * * *
You hit the goblin.
You kill the goblin!
The goblin barely misses you. The goblin hits you with a +0 club.
You die...

## #. #. #. #.
# #.###.##.#
#.####g@)g....#
#.....gg#gg...#
######..g ....#
#.##. .!.# #.
.. ..# #. ## ..
#. # #. #.


You could see Robin, 3 hobgoblins and 3 goblins.

Vanquished Creatures
  A dart slug (D:1)
  A ball python (D:1)
  A bat (D:1)
  A giant cockroach (D:1)
  4 goblins
  4 hobgoblins
  A quokka (D:1)
  3 kobolds (D:1)
  3 rats (D:1)
19 creatures vanquished.

Vanquished Creatures (others)
  58 foxfires
58 creatures vanquished.

Grand Total: 77 creatures vanquished

Notes
Turn   | Place    | Note
-------+----------+-------------------------------------------
     0 | D:1      | Alarak the Demonspawn Fire Elementalist began the quest for
                  | the Orb.
     0 | D:1      | Reached XP level 1. HP: 13/13 MP: 3/3
   398 | D:1      | Gained mutation: You sometimes gain a little power by
                  | taking damage. [demonic ancestry]
   398 | D:1      | Reached XP level 2. HP: 19/19 MP: 2/5
   957 | D:1      | Reached skill level 3 in Spellcasting
  1135 | D:2      | Noticed Robin
  1145 | D:2      | Slain by a goblin

Illustrated notes

Levels and vault maps discovered:
D:1:      saegor_arrival_simple_e, layout_rooms, palyth_stone_intersect,
          hex_large, amcnicky_mini_rare_corridor_liquid
D:2:      minmay_alternating_diamond, layout_basic, uniq_robin, uniq_sigmund

Skill      XL: |  1  2 |
---------------+-------+-----
Spellcasting   | 3 |  3.0
Armour         | |  0.1
Dodging        | |  1.7
Stealth        | |  1.7
Conjurations   | |  1.3
Fire Magic     | |  2.6

Action                     || total
---------------------------++-------
  Melee: Unarmed           ||    10
         Dagger            ||    15
   Cast: Foxfire           ||    36
    Use: Scroll            ||     2
 Armour: Robe              ||    28
  Dodge: Dodged            ||    26

Table legend: (Time is in decaauts)
 A = Elapsed time spent in this place.
 B = Non-inter-level travel time spent in this place.
 C = Inter-level travel time spent in this place.
 D = Time resting spent in this place.
 E = Time spent auto-exploring this place.
 F = Levels seen in this place.
 G = Mean time per level.
                   A        B        C        D        E       F      G
               +--------+--------+--------+--------+--------+-----+--------+
         Total |   1144 |   1106 |     38 |    126 |    841 |   2 |  572.0 |
       Dungeon |   1144 |   1106 |     38 |    126 |    841 |   2 |  572.0 |
               +--------+--------+--------+--------+--------+-----+--------+

Top non-repeatable levels by time:
     D:1: 1130 daAuts
     D:2: 13 daAuts
